 Dungeon Crawl Stone Soup version 0.27.1-33-g824d729ab1 (webtiles) character file.

Game seed: 7634101053959937032

2601 pkoi the Grappler (level 9, -5/70 HPs)
             Began as a Black Draconian Monk on Dec 8, 2021.
             Was a Believer of Dithmenos.
             Slain by a wolf (8 damage)
             ... on level 7 of the Dungeon.
             The game lasted 00:08:50 (8677 turns).

pkoi the Grappler (Black Draconian Monk)            Turns: 8677, Time: 00:08:50

Health: -5/70      AC: 11    Str: 14    XL:     9   Next: 33%
Magic:  23/23      EV: 13    Int: 14    God:    Dithmenos [**....]
Gold:   308        SH:  0    Dex: 13    Spells: 10/15 levels left

rFire    . . .     SeeInvis +   r - +8 whip of Superiority {spect, rPois MP+9 SInv Stlth+}
rCold    . . .     Faith    .   (no shield)
rNeg     . . .     Spirit   .   (armour unavailable)
rPois    +         Reflect  .   (helmet restricted)
rElec    +         Harm     .   (no cloak)
rCorr    .         Rampage  .   (no gloves)
Will     .....                  (no boots)
Stlth    +++++.....             (no amulet)
HPRegen  0.21/turn              d - +4 ring of protection
MPRegen  0.18/turn              (no ring)

@: wreathed by umbra
A: breathe lightning, AC +7, unfitting armour, electricity resistance,
cold-blooded
a: Breathe Lightning, Renounce Religion, Shadow Step


You were on level 7 of the Dungeon.
You worshipped Dithmenos.
Dithmenos was pleased with you.
You visited 2 branches of the dungeon, and saw 9 of its levels.

You collected 537 gold pieces.
You spent 229 gold pieces at shops.

Inventory:

Hand Weapons
 b - a +3 dagger of venom
 r - the +8 whip of Superiority (weapon) {spect, rPois MP+9 SInv Stlth+}
   (You bought it in a shop on level 6 of the Dungeon)

   When its wielder attacks, the weapon's spirit leaps out and strikes again.
   The spirit shares a part of any damage it takes with its wielder.
   rPois:     It protects you from poison.
   MP:        It affects your magic capacity (+9).
   SInv:      It lets you see invisible.
   Stlth:     It makes you more stealthy.
Missiles
 e - 5 silver javelins (quivered)
 l - 5 boomerangs
Jewellery
 d - a +4 ring of protection (left hand)
 n - a ring of willpower
Wands
 a - a wand of digging (3)
Scrolls
 h - a scroll of magic mapping
 i - a scroll of fear
 k - 2 scrolls of amnesia
 m - 4 scrolls of teleportation
 q - 3 scrolls of identify
Potions
 c - 2 potions of brilliance
 f - 3 potions of magic
 g - a potion of might
 j - 8 potions of curing
 o - a potion of cancellation
 p - a potion of berserk rage
 s - a potion of ambrosia {unknown}


   Skills:
 - Level 3.2 Fighting
 + Level 2.5 Maces & Flails
 - Level 3.5 Dodging
 + Level 5.4 Stealth
 + Level 9.5 Unarmed Combat
 + Level 3.8 Spellcasting
 + Level 4.1 Transmutations


You had 10 spell levels left.
You knew the following spells:

 Your Spells              Type           Power      Damage    Failure   Level
a - Blade Hands           Tmut           7%         N/A       69%         5

Your spell library contained the following spells:

 Spells                   Type           Power      Damage    Failure   Level
 Static Discharge         Conj/Air       2%         N/A       30%         2
 Call Canine Familiar     Summ           2%         N/A       52%         3
 Portal Projectile        Hex/Tloc       4%         N/A       52%         3
 Leda's Liquefaction      Hex/Erth       1%         N/A       89%         4
 Lightning Bolt           Conj/Air       1%         1d12      99%         5
 Dragon Form              Tmut           7%         N/A       100%        7
 Maxwell's Capacitive Co  Air            1%         ∞         100%        8
 Necromutation            Tmut/Necr      4%         N/A       100%        8


Dungeon Overview and Level Annotations

Branches:
Dungeon (8/15)             Temple (1/1) D:4
   Lair: D:8-11

Altars:
Ashenzari
Cheibriados
Dithmenos
Elyvilon
Fedhas
Gozag
Hepliaklqana
Kikubaaqudgha
Makhleb
Okawaru
Qazlal
Sif Muna
Uskayaw
Vehumet
Xom
Yredelemnul
Zin

Shops:
D:6 (?(


Innate Abilities, Weirdness & Mutations

You can breathe wild blasts of lightning.
Your glossy black scales are hard. (AC +7)
You cannot fit into any form of body armour.
You are resistant to electric shocks. (rElec)
You are cold-blooded and may be slowed by cold attacks.


Message History

You resist.
* * * LOW HITPOINT WARNING * * *
The wolf bites you.
* * * LOW HITPOINT WARNING * * *
The electric eel shoots out a bolt of lightning at you!
The bolt of electricity hits you. You resist.
* * * LOW HITPOINT WARNING * * *
The bolt of electricity misses you. The wolf bites you.
* * * LOW HITPOINT WARNING * * *
The wolf barely misses you. The wolf barely misses you.
There is a stone staircase leading up here.
The hound pauses to sniff the ground.
The wolf bites you!
* * * LOW HITPOINT WARNING * * *
The wolf bites you but does no damage. The hound closely misses you.
You climb upwards.
There is a stone staircase leading down here.
Unknown command.
Unknown command.
You whack the wolf!
You tail-slap the wolf, but do no damage.
The wolf is moderately wounded.
Your +8 whip of Superiority {spect, rPois MP+9 SInv Stlth+} hits the wolf!
The wolf barely misses you. The wolf bites you.
* * * LOW HITPOINT WARNING * * *
You miss the wolf. You tail-slap the wolf.
The wolf is severely wounded.
Your +8 whip of Superiority {spect, rPois MP+9 SInv Stlth+} closely misses the wolf.
The wolf bites you.
* * * LOW HITPOINT WARNING * * *
You closely miss the wolf.
Your tail-slap misses the wolf.
The wolf is severely wounded.
Your +8 whip of Superiority {spect, rPois MP+9 SInv Stlth+} hits the wolf.
You are no longer corroded.
The wolf bites you.
* * * LOW HITPOINT WARNING * * *
The wolf bites you!
You die...

##################
#.......h@.......#
#.##.####(######.#
#### #.##.# #.# #.#
#... #.##.# #.# #.#
#... #####.##.# #.#
#.# ####...
#........#
#.######.###.....#
#.##.#####
#..........#.#####
#.##.#
##.######.#.#.#####
#.##.#
##......##..........


You could see a wolf and a friendly +8 whip of Superiority {spect, rPois MP+9
SInv Stlth+} (summoned).

Vanquished Creatures
  Joseph (D:7)
  A steam dragon (D:7)
  Menkaure (D:6)
  2 ice beasts (D:7)
  A black bear (D:4)
  2 orc warriors
  A sky beast (D:6)
  An ogre (D:4)
  A centaur (D:7)
  4 scorpions
  5 wights
  2 howler monkeys (D:8)
  A vampire bat (D:4)
  6 hounds
  A bullfrog skeleton (D:5)
  A jelly (D:6)
  An orc priest (D:6)
  Ijyb (D:5)
  3 centaur skeletons
  3 iguanas
  2 hound skeletons
  A howler monkey zombie (D:5)
  7 gnolls
  A howler monkey skeleton (D:5)
  9 adders
  A white imp (D:7)
  2 adder zombies (D:5)
  3 worms
  4 dart slugs
  9 orcs
  9 ball pythons
  3 endoplasms
  4 giant cockroaches
  6 goblins
  6 hobgoblins
  5 quokkas
  10 bats
  3 frilled lizards
  6 kobolds
  6 rats
136 creatures vanquished.

Vanquished Creatures (others)
  16 plants (D:4)
16 creatures vanquished.

Grand Total: 152 creatures vanquished

Notes
Turn   | Place    | Note
-------+----------+-------------------------------------------
     0 | D:1      | pkoi the Draconian Monk began the quest for the Orb.
     0 | D:1      | Reached XP level 1. HP: 19/19 MP: 1/1
   190 | D:1      | Reached XP level 2. HP: 19/26 MP: 2/2
   507 | D:1      | Reached skill level 4 in Unarmed Combat
   629 | D:1      | Found a faded altar of an unknown god.
   692 | D:1      | Reached XP level 3. HP: 31/31 MP: 3/3
   761 | D:1      | Got the Collected Works on Moulding
  1094 | D:2      | Reached XP level 4. HP: 30/38 MP: 4/4
  1214 | D:2      | Reached skill level 5 in Unarmed Combat
  2064 | D:3      | Reached XP level 5. HP: 36/45 MP: 5/5
  2077 | D:3      | Reached skill level 6 in Unarmed Combat
  2703 | D:4      | Found a staircase to the Ecumenical Temple.
  2712 | D:4      | Noticed a black bear
  2738 | D:4      | Noticed an ogre
  2738 | D:4      | Killed a black bear
  2739 | D:4      | Reached skill level 7 in Unarmed Combat
  2739 | D:4      | Reached XP level 6. HP: 37/51 MP: 6/6
  2844 | Temple   | Entered the Ecumenical Temple
  3030 | Temple   | Became a worshipper of Dithmenos the Shadowed
  3030 | Temple   | Reached * piety under Dithmenos
  3030 | Temple   | Reached ** piety under Dithmenos
  3345 | D:4      | Your scales start taking on a glossy black colour.
  3345 | D:4      | Reached XP level 7. HP: 53/57 MP: 7/7
  3345 | D:4      | Gained mutation: You are resistant to electric shocks.
                  | (rElec) [Black Draconian growth]
  3610 | D:5      | Entered Level 5 of the Dungeon
  3615 | D:5      | Found a hazy altar of Hepliaklqana.
  3650 | D:5      | Reached skill level 8 in Unarmed Combat
  3905 | D:5      | Noticed Ijyb
  3922 | D:5      | Killed Ijyb
  4453 | D:5      | Learned a level 5 spell: Blade Hands
  5115 | D:6      | Reached skill level 1 in Spellcasting
  5115 | D:6      | Reached skill level 1 in Transmutations
  5204 | D:6      | Found Gebrimu's Antique Weapon Boutique.
  5218 | D:6      | Reached XP level 8. HP: 50/63 MP: 9/9
  5726 | D:6      | Found Fomut's Magic Scroll Shoppe.
  5730 | D:6      | Bought a scroll of teleportation for 42 gold pieces
  5732 | D:6      | Found Lener's Antique Weapon Emporium.
  5739 | D:6      | Bought a dazzling whip for 187 gold pieces
  5739 | D:6      | Identified the +8 whip of Superiority {spect, rPois MP+9
                  | SInv Stlth+} (You bought it in a shop on level 6 of the
                  | Dungeon)
  5858 | D:6      | Found an iron altar of Okawaru.
  6481 | D:7      | Noticed Menkaure
  6595 | D:6      | Reached skill level 9 in Unarmed Combat
  6734 | D:6      | Killed Menkaure
  7338 | D:7      | Reached skill level 1 in Maces & Flails
  7722 | D:7      | Reached XP level 9. HP: 39/70 MP: 13/13
  7914 | D:7      | Reached skill level 5 in Stealth
  8002 | D:7      | Noticed Joseph
  8010 | D:7      | Killed Joseph
  8659 | D:8      | Noticed a troll
  8677 | D:7      | HP: 3/70 [wolf (5)]
  8677 | D:7      | Slain by a wolf

Illustrated notes

Levels and vault maps discovered:
D:1:      dpeg_cavernosity, layout_rooms, hellmonk_ecumenical_altar_blasted
D:2:      layout_basic, kennysheep_generic_room_15
D:3:      layout_loops_ring
D:4:      layout_rooms, minmay_temple_entry_tees, serial_bayou,
          serial_bayou_pond_e, serial_bayou_pond_e, serial_bayou_lagoon_a,
          serial_bayou_pond_e, roderic_batcave
D:5:      layout_layer_cave, lemuel_doored_altar, grunt_decor_cap, uniq_ijyb
D:6:      layout_basic, nicolae_overflow_crystal_walls, serial_shops, shop,
          shop, shop, eino_curves_04, kennysheep_another_room, interstate_on_off
D:7:      layout_loops_ring, uniq_menkaure, uniq_joseph
D:8:      layout_loops_ring, tgw_trog, minitemple, erik_lair_island,
          minmay_shattered_shrine
Temple:   regret_index_temple_waves

Skill      XL: |  1  2  3  4  5  6  7  8  9 |
---------------+----------------------------+-----
Unarmed Combat | 4 5 7 8 9 |  9.5
Stealth        | 2 3 4 5 |  5.4
Dodging        | 3 |  3.5
Spellcasting   | 1 3 |  3.8
Transmutations | 1 3 4 |  4.1
Maces & Flails | 1 2 |  2.5
Fighting       | |  3.2

Action                   |  1- 3 |  4- 6 |  7- 9 || total
-------------------------+-------+-------+-------++-------
Melee: Dagger            |    80 |   163 |   122 ||   365
       Unarmed           |     4 |       |    12 ||    16
       Tailslap          |    12 |    23 |    35 ||    70
       Punch             |       |     8 |     9 ||    17
       Whip              |       |       |    74 ||    74
 Abil: Breathe Lightning |       |       |     1 ||     1
  Use: Scroll            |       |    10 |     1 ||    11
       Potion            |       |     3 |       ||     3
 Stab: Sleeping          |     4 |     3 |     9 ||    16
       Distracted        |       |     1 |       ||     1
Armor: Skin              |    42 |    83 |    73 ||   198
Dodge: Dodged            |    65 |   164 |   171 ||   400
